 Dungeon Crawl Stone Soup version 0.28-a0-247-gb8bfbab023 (webtiles) character file.

Game seed: 625249221088470088

300 bande the Shield-Bearer (level 6, -6/38 HPs)
             Began as a Gargoyle Fighter on Aug 24, 2021.
             Engulfed by a steam dragon's steam (15 damage)
             ... on level 6 of the Dungeon on Aug 25, 2021.
             The game lasted 00:06:38 (2820 turns).

bande the Shield-Bearer (Gargoyle Fighter)          Turns: 2820, Time: 00:06:39

Health: -6/38      AC: 16    Str: 21    XL:     6   Next: 36%
Magic:  6/6        EV:  4    Int:  8    God:
Gold:   145        SH:  0    Dex: 10    Spells: 5/5 levels left

rFire   . . .      SeeInvis .   k - +8 hand axe of Pain and Death {freeze, rCorr}
rCold   . . .      Faith    .   c - +1 kite shield
rNeg    + . .      Spirit   .   e - +0 plate armour
rPois   ∞          Reflect  .   (no helmet)
rElec   +          Harm     .   (no cloak)
rCorr   +          Rampage  .   (no gloves)
Will    .....                   (no boots)
Stlth   ..........              (no amulet)
HPRegen 0.12/turn               (no ring)
MPRegen 0.10/turn               (no ring)

@: confused, ambrosia-drunk
A: sickness immunity, AC +4, negative energy resistance 1, electricity
resistance, torment resistance 1, petrification resistance
a: no special abilities


You were on level 6 of the Dungeon.
You visited 1 branch of the dungeon, and saw 5 of its levels.
You also visited: Sewer.

You collected 145 gold pieces.

Inventory:

Hand Weapons
 a - a +1 war axe of venom
 k - the +8 hand axe of Pain and Death (weapon) {freeze, rCorr}
   (You found it on level 4 of the Dungeon)

   It freezes those it strikes, dealing additional cold damage.
   It can also slow down cold-blooded creatures.
   rCorr:     It protects you from acid and corrosion.
Armour
 c - a +1 kite shield (worn)
 e - a +0 plate armour (worn)
Scrolls
 b - a scroll of enchant armour
 g - 3 scrolls of teleportation
 l - a scroll of amnesia
Potions
 d - a potion of might
 h - a potion of brilliance {unknown}
 j - a potion of haste
 m - a potion of degeneration {unknown}


   Skills:
 + Level 4.1 Fighting
 + Level 3.4 Axes
 + Level 4.5 Armour
 + Level 0.6 Dodging
 - Level 1.0 Stealth
 + Level 4.9 Shields


You had 5 spell levels left.
You didn't know any spells.
Your spell library contained the following spells:

 Spells                   Type           Power      Damage    Failure   Level
 Static Discharge         Conj/Air       0%         N/A       100%        2
 Gell's Gravitas          Tloc           0%         N/A       100%        3
 Ozocubu's Armour         Ice            0%         N/A       100%        3
 Teleport Other           Tloc           0%         N/A       100%        3
 Lightning Bolt           Conj/Air       0%         1d11      100%        5
 Metabolic Englaciation   Hex/Ice        0%         N/A       100%        5
 Dispersal                Tloc           0%         N/A       100%        6
 Simulacrum               Ice/Necr       0%         N/A       100%        6
 Maxwell's Capacitive Co  Air            0%         ∞         100%        8


Dungeon Overview and Level Annotations

Branches:
Dungeon (4/15)              Sewer (visited)
 Temple: D:4-7

Altars:

Shops:
D:6 =


Innate Abilities, Weirdness & Mutations

You are immune to sickness and miasma.
Your stone body is resilient. (AC +4)
You are immune to poison.
You resist negative energy. (rN+)
You are resistant to electric shocks. (rElec)
You are resistant to unholy torment.
You are immune to petrification.


Message History

A sky beast appears from thin air!
Reactivating autopickup.
You hit the steam dragon but do no damage.
The steam dragon is moderately wounded.
The steam dragon breathes steam at you. The ball of steam misses you.
The steam dragon bites you but does no damage.
You block the steam dragon's attack.
The sky beast flickers out of sight!
Deactivating autopickup; reactivate with Ctrl-A.
Something hits you but does no damage.
You slash the steam dragon! You freeze the steam dragon.
The steam dragon is severely wounded.
You slash something! You freeze something.
You are engulfed in a cloud of scalding steam.
The steam dragon breathes steam at you. The ball of steam hits you.
Something hits you. Something shocks you. You resist.
Your shield and plate armour prevent you from hitting the steam dragon.
The steam dragon is severely wounded.
You hit something. You freeze something.
You are engulfed in a cloud of scalding steam.
* * * LOW HITPOINT WARNING * * *
The steam dragon breathes steam at you. The ball of steam hits you.
* * * LOW HITPOINT WARNING * * *
A sky beast appears from thin air!
Reactivating autopickup.
The sky beast barely misses you.
You are confused.
You feel invigorated.
You are engulfed in a cloud of scalding steam.
The steam dragon bites you.
* * * LOW HITPOINT WARNING * * *
The steam dragon claws you but does no damage.
The sky beast barely misses you.
You miss the sky beast.
The sky beast is heavily wounded.
You completely miss the steam dragon.
You are engulfed in a cloud of scalding steam.
You die...

#........##.###...
#....##...........
##........##.......
#
#$................#
..##....)...........
.......>...........
................#..
.......∩........##
..##.##.......@..#
..# #####..D)Y## .#
###....... .........
...........
#...........
##.##....... #.
.......


You could see a steam dragon (catching breath) and a sky beast.

Vanquished Creatures
  Purgy (Sewer)
  A centaur (D:6)
  A centaur skeleton (D:3)
  2 adders (D:2)
  2 worms (D:3)
  2 dart slugs (D:1)
  4 orcs
  5 ball pythons
  9 bats
  4 endoplasms
  2 giant cockroaches
  5 goblins
  4 hobgoblins
  5 jackals
  7 frilled lizards
  11 kobolds
  A rat (D:1)
66 creatures vanquished.

Notes
Turn   | Place    | Note
-------+----------+-------------------------------------------
     0 | D:1      | bande the Gargoyle Fighter began the quest for the Orb.
     0 | D:1      | Reached XP level 1. HP: 14/14 MP: 1/1
   127 | D:1      | Reached XP level 2. HP: 19/19 MP: 2/2
   302 | D:1      | Reached XP level 3. HP: 16/23 MP: 3/3
   674 | D:2      | Upgraded the game from 0.28-a0-245-g639a1a48b9 to
                  | 0.28-a0-247-gb8bfbab023
   852 | D:2      | Found a faded altar of an unknown god.
  1115 | D:2      | Reached skill level 1 in Stealth
  1115 | D:2      | Reached XP level 4. HP: 27/29 MP: 4/4
  1786 | D:3      | Found a glowing drain.
  1807 | Sewer    | Entered a sewer
  1943 | Sewer    | Noticed Purgy
  1951 | Sewer    | Killed Purgy
  1952 | Sewer    | Reached XP level 5. HP: 26/33 MP: 5/5
  2700 | D:4      | Identified the +8 hand axe of Pain and Death {freeze,
                  | rCorr}
  2768 | D:4      | You fall into a shaft and drop 2 floors!
  2790 | D:6      | Found Ymorep's Jewellery Emporium.
  2807 | D:6      | Noticed a centaur
  2807 | D:6      | Noticed a steam dragon
  2811 | D:6      | Noticed a sky beast
  2814 | D:6      | Killed a centaur
  2815 | D:6      | Reached XP level 6. HP: 5/38 MP: 6/6
  2820 | D:6      | Engulfed by a steam dragon's steam

Illustrated notes

Levels and vault maps discovered:
D:1:      lemuel_arrival_room, layout_basic, minmay_surrounded
D:2:      layout_basic, ebering_ecumenical_altar_hall
D:3:      layout_basic, cheibrodos_sewer_entry_sluice, grunt_decor_arrowhead,
          chequers_decorated_corner
D:4:      layout_basic, mainiacjoe_overflow_catwalk,
          nicolae_ossuary_entry_monument
D:6:      layout_cave_pools, serial_shops, shop, serial_bayou_ford_a

Skill      XL: |  1  2  3  4 |
---------------+-------------+-----
Axes           | 2 3 |  3.4
Stealth        | 1 |  1.0
Shields        | 4 |  4.9
Fighting       | 4 |  4.1
Armour         | 4 |  4.5
Dodging        | |  0.6

Action                   |  1- 3 |  4- 6 || total
-------------------------+-------+-------++-------
Melee: War axe           |    87 |    69 ||   156
       Hand axe          |       |    12 ||    12
  Use: Scroll            |     6 |     2 ||     8
       Potion            |     3 |     2 ||     5
Armor: Scale mail        |    81 |     2 ||    83
       Plate armour      |       |    69 ||    69
Dodge: Dodged            |    35 |    18 ||    53
Block: Kite shield       |    56 |    59 ||   115

Table legend: (Time is in decaauts)
 A = Elapsed time spent in this place.
 B = Non-inter-level travel time spent in this place.
 C = Inter-level travel time spent in this place.
 D = Time resting spent in this place.
 E = Time spent auto-exploring this place.
 F = Levels seen in this place.
 G = Mean time per level.
                   A        B        C        D        E       F      G
               +--------+--------+--------+--------+--------+-----+--------+
         Total |   2903 |   2888 |     15 |     38 |   2166 |   6 |  483.8 |
       Dungeon |   2661 |   2646 |     15 |     38 |   1984 |   5 |  532.2 |
         Sewer |    242 |    242 |      0 |      0 |    182 |   1 |  242.0 |
               +--------+--------+--------+--------+--------+-----+--------+

Top non-repeatable levels by time:
     D:2: 930 daAuts
     D:3: 869 daAuts
     D:1: 698 daAuts
   Sewer: 242 daAuts
     D:4: 106 daAuts
     D:6: 55 daAuts
